 Dungeon Crawl Stone Soup version 0.32-a0-909-gc671339a80 (webtiles) character file.

Game seed: 1464291985515369300

46 GiantSquids the Chopper (level 3, -2/31 HPs)
             Began as a Mountain Dwarf Fighter on Apr 6, 2024.
             Slain by Sigmund
             ... wielding a +5 scythe of venom
              (10 damage)
             ... on level 3 of the Dungeon.
             The game lasted 00:02:13 (1271 turns).

GiantSquids the Chopper (Mountain Dwarf Fighter)    Turns: 1271, Time: 00:02:14

Health: -2/31      AC:  8    Str: 20    XL:     3   Next: 44%
Magic:  3/3        EV:  8    Int:  8    God:
Gold:   123        SH:  4    Dex:  9    Spells: 2/2 levels left

rFire   . . .        a - +0 war axe
rCold   . . .        c - +0 buckler
rNeg    . . .        b - +0 scale mail
rPois   .            (no helmet)
rElec   .            (no cloak)
rCorr   .            (no gloves)
SInv    .            g - +0 pair of boots
Will    .....        (no amulet) Stlth
                     (no ring)
HPRegen 0.25/turn    (no ring)
MPRegen 0.08/turn

%: no passive effects
@: lethally poisoned (-2 -> -13)
A: runic magic, artefact enchanting
a: no special abilities


You were on level 3 of the Dungeon.
You visited 1 branch of the dungeon, and saw 3 of its levels.

You collected 123 gold pieces.

Inventory:

Hand Weapons
 a - a +0 war axe (weapon)
Armour
 b - a +0 scale mail (worn)
 c - a +0 buckler (worn)
 g - a +0 pair of boots (worn)
Scrolls
 f - a scroll of enchant armour {unknown}
 h - a scroll of identify {unknown}
 i - 2 scrolls of torment {unknown}
 j - a scroll of blinking {unknown}
 k - a scroll of fog {unknown}
Potions
 d - a potion of might
 e - 2 potions of berserk rage {unknown}
 l - a potion of enlightenment {unknown}
 m - a potion of curing {unknown}


   Skills:
 - Level 3.2 Fighting
 + Level 4.7 Axes
 - Level 3.2 Armour
 - Level 3.2 Shields


You had 2 spell levels left.
You didn't know any spells.
Your spell library was empty.

Dungeon Overview and Level Annotations

Branches:
Dungeon (3/15)

Altars:

Shops:
D:1 =

Annotations:
D:1 1 transporter
D:3 Sigmund


Innate Abilities, Weirdness & Mutations

Your spellcasting is much less encumbered by armour.
You can use scrolls of enchantment on lesser artefacts.


Message History

The rat squeaks loudly.
A rat is nearby!
You closely miss the rat. The rat bites you.
You hit the rat.
You kill the rat!
No target in view!
You see here a rat corpse.
You see here a +0 club.
Items here: ( ) รทรท.
Found 5 stones.
You see here 5 stones.
You see here 5 stones.
There is a stone staircase leading up here.
Partly explored, can't reach some items and places.
Partly explored, can't reach some items and places.
You see here a +0 club.
You see here a ball python skeleton.
There is a stone staircase leading down here.
You climb downwards.
There is a stone staircase leading up here.
e - 2 dark potions (gained 1)
Found a mace.
Sigmund the Dreaded comes into view.
He is wielding a +5 scythe of venom.
Sigmund shouts!
Sigmund is nearby!
A goblin and a rat come into view.
Found a dagger.
The goblin shouts!
Sigmund hits you with a +5 scythe of venom!
You are lethally poisoned!
The rat moves out of view.
You barely miss Sigmund.
You feel extremely sick.
A giant cockroach comes into view.
You closely miss Sigmund.
* * * LOW HITPOINT WARNING * * *
You feel very sick.
Sigmund hits you with a +5 scythe of venom!
You die...
Sigmund begins carving another notch in his scythe.

#.#.# .#
#.#.######.#....
#.#........#....
..###..........#...
.................#
#..........)# .#
#...........##.##)
#..............grB
#.........@@...#
#...............#
#...........#####
#..........##
#####.........$#
#..............#
#..............#
#..............#
#.....#######...


You could see Sigmund, a giant cockroach, a goblin and a rat.

Vanquished Creatures
  2 dart slugs (D:1)
  3 ball pythons
  3 endoplasms (D:1)
  4 giant cockroaches
  A hobgoblin (D:1)
  2 quokkas
  3 bats (D:1)
  A frilled lizard (D:2)
  4 goblins
  8 kobolds
  10 rats
41 creatures vanquished.

Notes
Turn   | Place    | Note
-------+----------+-------------------------------------------
     0 | D:1      | GiantSquids the Mountain Dwarf Fighter began the quest for
                  | the Orb.
     0 | D:1      | Reached XP level 1. HP: 19/19 MP: 1/1
    30 | D:1      | Found Fetan's Jewellery Emporium.
    58 | D:1      | Reached skill level 3 in Axes
    90 | D:1      | Reached XP level 2. HP: 25/26 MP: 2/2
   224 | D:1      | Reached skill level 4 in Axes
   274 | D:1      | Reached XP level 3. HP: 31/31 MP: 3/3
   495 | D:2      | Found a faded altar of an unknown god.
  1266 | D:3      | Noticed Sigmund
  1271 | D:3      | Slain by Sigmund

Illustrated notes

Levels and vault maps discovered:
D:1:      spicycebolla_arrival_risky_transporter, layout_basic, serial_shops,
          nicolae_shop_gaudy_bauble
D:2:      layout_loops_ring, chequers_ecumenical_altar_simple,
          grunt_decor_mini_mirrors, chequers_serial_rivers_micro_d,
          lemuel_flame_loot_1
D:3:      layout_basic, minivault_11, minmay_joined_circles, uniq_sigmund,
          uniq_robin

Skill      XL: |  1  2 |
---------------+-------+-----
Axes           | 3 4 |  4.7
Fighting       | |  3.2
Armour         | |  3.2
Shields        | |  3.2

Action                     || total
---------------------------++-------
  Melee: War axe           ||   110
 Armour: Scale mail        ||    86
  Dodge: Dodged            ||    47
  Block: Buckler           ||    29

Table legend: (Time is in decaauts)
 A = Elapsed time spent in this place.
 B = Non-inter-level travel time spent in this place.
 C = Inter-level travel time spent in this place.
 D = Time resting spent in this place.
 E = Time spent auto-exploring this place.
 F = Levels seen in this place.
 G = Mean time per level.
                   A        B        C        D        E       F      G
               +--------+--------+--------+--------+--------+-----+--------+
         Total |   1308 |   1260 |     48 |      0 |    982 |   3 |  436.0 |
       Dungeon |   1308 |   1260 |     48 |      0 |    982 |   3 |  436.0 |
               +--------+--------+--------+--------+--------+-----+--------+

Top non-repeatable levels by time:
     D:2: 761 daAuts
     D:1: 522 daAuts
     D:3: 24 daAuts
